AoeStats
← Mopple The Whale

Arabia

508931398Analyzed
3v3 RM · 8d ago on Sep 24, 2026· 77m 50s· 6 players
Game mode
Random Map
Map size
Normal (6 player)
Population
200
Speed
Normal
Resources
Standard
Victory
Conquest
Starting age
Dark Age
Ending age
Imperial Age
RankedLock teamsTeams togetherTeam positionsShared explorationLock speedFull tech treeHidden civsTurbo modeCheats
Victory
Defeat
🇨🇭 Persians · Switzerland
1117
+14
🇨🇭 Danes · Switzerland
1111
+14
🇨🇭 Franks · Switzerland
1102
+15
🇨🇿 Ethiopians · Czechia
1109
-16
🇺🇸 Franks · United States
1059
-14
🇪🇪 Inca · Estonia
1047
-13
Hav1k
0:29 Loom
12:20 Feudal Age
13:19 Double-Bit Axe
18:01 Forging
20:38 Scale Barding Armor
24:38 Castle Age
23:45 Stone Mining
23:48 Gold Mining
25:38 Town Watch
30:38 Gold Shaft Mining
30:55 Chain Barding Armor
30:38 Husbandry
31:41 Iron Casting
32:21 Bow Saw
33:46 Wheelbarrow
34:58 Hand Cart
37:02 Fortified Wall
41:24 Imperial Age
39:14 Fletching
39:25 Padded Archer Armor
38:48 Crossbowman
40:08 Bodkin Arrow
41:33 Town Patrol
41:54 Heavy Mounted Crossbowman
41:58 Cranequins
43:02 Leather Archer Armor
43:48 Blast Furnace
44:23 Plate Barding Armor
44:22 Cavalier
44:35 Elite Skirmisher
46:06 Chivalry
47:27 Chemistry
46:13 Arrowslits
46:34 Paladin
47:40 Guard Tower
49:03 Scale Mail Armor
59:03 Pikeman
59:44 Squires
61:16 Chain Mail Armor
60:24 Halberdier
64:14 Light Cavalry
maxokol
6:27 Loom
9:30 Feudal Age
10:51 Town Watch
10:53 Double-Bit Axe
11:27 Champi Runner
14:27 Forging
14:27 Scale Mail Armor
20:13 Horse Collar
23:05 Castle Age
24:11 Chain Mail Armor
23:19 Pikeman
24:00 Squires
24:38 Iron Casting
24:37 Champi Warrior
29:38 Fletching
33:21 Bodkin Arrow
37:36 Elite Skirmisher
41:40 Imperial Age
42:26 Padded Archer Armor
42:52 Ballistics
43:33 Masonry
42:56 Halberdier
44:30 Conscription
45:01 Wheelbarrow
47:53 Plate Mail Armor
46:49 Elite Champi Warrior
48:15 Fabric Shields
50:03 Town Patrol
50:09 Arson
52:30 Blast Furnace
52:59 Bracer
53:20 Hand Cart
54:38 Elite Kamayuk
56:17 Hoardings
Cubix
6:52 Loom
10:29 Feudal Age
15:53 Fletching
21:12 Castle Age
19:43 Padded Archer Armor
19:34 Double-Bit Axe
20:50 Padded Archer Armor
20:52 Horse Collar
21:16 Crossbowman
22:03 Thumb Ring
27:29 Heavy Plow
28:20 Ballistics
28:48 Bodkin Arrow
31:39 Forging
31:29 Scale Mail Armor
32:16 Bow Saw
32:12 Gold Mining
33:03 Wheelbarrow
36:53 Imperial Age
35:07 Leather Archer Armor
35:40 Hand Cart
37:06 Chain Mail Armor
39:11 Bracer
39:47 Iron Casting
41:06 Chemistry
41:37 Squires
41:23 Arbalester
BananaJoe
7:52 Loom
12:09 Feudal Age
16:37 Castle Age
16:31 Horse Collar
17:50 Double-Bit Axe
22:36 Bow Saw
23:05 Fletching
29:29 Forging
30:54 Heavy Plow
31:48 Wheelbarrow
31:54 Wheelbarrow
33:17 Bodkin Arrow
35:25 Thumb Ring
36:37 Hand Cart
36:09 Town Watch
37:20 Elite Skirmisher
37:24 Hamask
37:30 Hamask
41:05 Imperial Age
41:00 Ballistics
40:04 Elite Skirmisher
41:22 Padded Archer Armor
41:22 Scale Mail Armor
42:05 Bracer
42:47 Conscription
43:53 Chemistry
49:38 Northmen's Fury
49:44 Hamask
51:14 Scale Mail Armor
53:45 Onager
56:04 Elite Jomsviking
58:31 Devotion
60:13 Hoardings
62:40 Gold Mining
62:41 Stone Mining
63:42 Caravan
66:44 Siege Engineers
66:51 Masonry
66:59 Chain Mail Armor
67:00 Leather Archer Armor
67:20 Iron Casting
67:53 Elite Varangian Guard
73:29 Spies/Treason
Mopple The Whale
5:10 Loom
11:48 Feudal Age
17:09 Bloodlines
19:02 Double-Bit Axe
19:40 Fletching
19:53 Padded Archer Armor
19:46 Horse Collar
21:13 Gold Mining
21:39 Scale Barding Armor
26:06 Castle Age
26:39 Thumb Ring
27:16 Parthian Tactics
27:18 Husbandry
28:40 Bodkin Arrow
29:51 Ballistics
30:21 Wheelbarrow
31:16 Forging
31:32 Leather Archer Armor
42:25 Imperial Age
43:43 Forging
45:07 Cavalier
47:30 Gold Shaft Mining
47:36 Iron Casting
47:23 Chain Barding Armor
48:13 Hand Cart
47:31 Heavy Cavalry Archer
47:42 Savar
48:58 Plate Barding Armor
49:33 Conscription
50:22 Heavy Cavalry Archer
53:33 Heavy Plow
53:44 Bow Saw
58:20 Capped Ram
59:15 Citadels
59:26 Conscription
59:49 Hoardings
59:57 Siege Ram
63:01 Iron Casting
62:59 Ring Archer Armor
65:56 Chemistry
65:09 Masonry
65:23 Conscription
65:39 Hoardings
71:48 Crop Rotation
72:06 Iron Casting
72:54 Two-Man Saw
71:49 Stone Mining
72:36 Architecture
77:26 Blast Furnace
77:58 Stone Shaft Mining
77:38 Scale Mail Armor
Hankthetank
7:29 Loom
9:59 Feudal Age
10:36 Double-Bit Axe
18:10 Wheelbarrow
21:20 Castle Age
22:27 Husbandry
23:58 Bow Saw
25:02 Forging
25:30 Gold Mining
28:54 Scale Barding Armor
32:08 Chain Barding Armor
32:23 Iron Casting
38:40 Imperial Age
36:28 Hand Cart
39:38 Gold Shaft Mining
38:45 Cavalier
40:28 Plate Barding Armor
40:54 Blast Furnace
43:28 Paladin
44:35 Conscription
46:00 Chivalry
46:43 Light Cavalry
47:21 Fletching
61:39 Caravan
75:37 Spies/Treason
Connection lost

Rejoining the realm…

Still unreachable

The connection could not be restored.

Session expired

The server has moved on; the page needs a fresh start.